 Dungeon Crawl Stone Soup version 0.23-a0-629-gae4348f (console) character file.

688 bli the Slasher (level 7, -2/60 HPs)
             Began as a Red Draconian Monk on Dec 25, 2018.
             Was a Believer of Okawaru.
             Killed by divine providence
             ... invoked by an orc priest
              (15 damage)
             ... on level 5 of the Dungeon.
             The game lasted 00:12:50 (4483 turns).

bli the Slasher (Red Draconian Monk)                Turns: 4483, Time: 00:12:50

Health: -2/60      AC:  7    Str: 14    XL:     7   Next: 36%
Magic:  7/7        EV: 14    Int: 10    God:    Okawaru [**....]
Gold:   199        SH:  0    Dex: 15    Spells: 6/6 levels left

rFire    + . .     SeeInvis .   a - +0 falchion
rCold    . . .     Gourm    +   (no shield)
rNeg     . . .     Faith    .   (armour unavailable)
rPois    +         Spirit   .   (helmet restricted)
rElec    .         Reflect  .   i - +0 cloak
rCorr    +         Harm     .   (no gloves)
MR       .....                  (no boots)
Stlth    ++........             w - amulet of the gourmand
HPRegen  0.20/turn              B - ring of resist corrosion
MPRegen  0.10/turn              A - ring of poison resistance

@: no status effects
A: breathe fire, unfitting armour, fire resistance 1, cold-blooded, AC +6
a: Breathe Fire, Heroism, Renounce Religion


You were on level 5 of the Dungeon.
You worshipped Okawaru.
Okawaru was pleased with you.
You were completely stuffed.

You visited 1 branch of the dungeon, and saw 5 of its levels.

You collected 199 gold pieces.

Inventory:

Hand Weapons
 a - a +0 falchion (weapon)
 e - a +0 dagger
Missiles
 n - 161 stones (quivered)
 q - 23 sling bullets
Armour
 i - a +0 cloak (worn)
 y - a +0 shield
Magical Staves
 s - an uncursed staff of cold
Jewellery
 w - an amulet of the gourmand (around neck)
 A - a ring of poison resistance (right hand)
 B - a ring of resist corrosion (left hand)
Scrolls
 j - 2 scrolls of magic mapping {unknown}
 k - 2 scrolls of enchant armour {unknown}
 m - 2 scrolls of remove curse
 r - 2 scrolls of teleportation {unknown}
 v - a scroll of enchant weapon {unknown}
 x - a scroll of fog
Potions
 c - 2 potions of brilliance
 f - 3 potions of curing
 g - 3 potions of flight {unknown}
 h - 2 potions of degeneration {unknown}
 l - a potion of haste {unknown}
 o - a potion of cancellation {unknown}
 p - 2 potions of mutation {unknown}
 t - 2 potions of agility {unknown}
 u - 2 potions of invisibility {unknown}
 z - a potion of resistance
Comestibles
 b - 5 rations
 C - 13 chunks of flesh


   Skills:
 + Level 4.7 Fighting
 * Level 7.2 Long Blades
 + Level 0.5 Throwing
 * Level 4.1 Dodging
 - Level 1.7 Stealth


You had 6 spell levels left.
You didn't know any spells.
Your spell library was empty.

Dungeon Overview and Level Annotations

Branches:
Dungeon (5/15)             Temple (0/1) D:4

Altars:
Cheibriados
Nemelex Xobeh
Okawaru
Vehumet


Innate Abilities, Weirdness & Mutations

You can breathe blasts of fire.
Your fiery red scales are hard. (AC +6)
You cannot fit into any form of body armour.
Your flesh is heat resistant. (rF+)
You are cold-blooded and may be slowed by cold attacks.


Message History

The ogre is heavily wounded.
The orc priest invokes the aid of Beogh against you.
Beogh smites you!
You slash the ogre!
The ogre is almost dead.
The ogre closely misses you.
You riposte.
You hit the ogre.
The ogre is almost dead.
You hit the ogre but do no damage.
The ogre is almost dead.
The ogre hits you with a +0 giant club!!
* * * LOW HITPOINT WARNING * * *
You hit the ogre.
The ogre is almost dead.
You hit the ogre.
You kill the ogre!
Okawaru accepts your kill.
Your Dodging skill increases to level 4!
The orc priest invokes the aid of Beogh against you.
Beogh smites you!
You die...

#..#..................
%..........#.#......#.
.............##....s.##
...........r.......)..#
.....................r.
................#####(
.......<..###(..# ##
..##.....###..##. # .
##....##..# .
....##..o...#.#
.......@(#.....#
..#...)(###...##
#..#!## #.... #..##
..... ... ##... .. ...
#


You could see an orc priest and a quokka.

Vanquished Creatures
  3 ogres
  A crimson imp (D:5)
  A quasit (D:5)
  2 bullfrog skeletons (D:4)
  A hound (D:5)
  An orc wizard (D:4)
  3 worker ants
  A hound skeleton (D:4)
  6 adders
  A shadow imp (D:5)
  7 worms
  2 dart slugs
  3 leopard geckos
  8 orcs
  3 giant cockroaches
  5 hobgoblins
  7 jackals
  2 quokkas
  3 ball pythons (D:3)
  4 bats
  8 frilled lizards
  7 goblins
  3 kobolds
  10 rats
  2 butterflies (D:4)
94 creatures vanquished.

Notes
Turn   | Place    | Note
-------+----------+-------------------------------------------
     0 | D:1      | bli the Draconian Monk began the quest for the Orb.
     0 | D:1      | Reached XP level 1. HP: 19/19 MP: 1/1
   504 | D:1      | Reached XP level 2. HP: 26/26 MP: 2/2
   786 | D:2      | Reached skill level 4 in Long Blades
   786 | D:2      | Reached XP level 3. HP: 8/33 MP: 3/3
  1494 | D:2      | Reached XP level 4. HP: 29/40 MP: 4/4
  1868 | D:3      | Found a radiant altar of Vehumet.
  2248 | D:3      | Found a sparkling altar of Nemelex Xobeh.
  2428 | D:4      | Noticed an ogre
  2564 | D:4      | Reached skill level 5 in Long Blades
  2862 | D:4      | Reached XP level 5. HP: 27/46 MP: 5/5
  3081 | D:4      | Found a snail-covered altar of Cheibriados.
  3148 | D:4      | Found an iron altar of Okawaru.
  3154 | D:4      | Became a worshipper of Warmaster Okawaru
  3154 | D:4      | Reached * piety under Okawaru
  3154 | D:4      | Reached ** piety under Okawaru
  3495 | D:4      | Noticed an ogre
  3508 | D:4      | Killed an ogre
  3508 | D:4      | Reached skill level 6 in Long Blades
  3508 | D:4      | Reached XP level 6. HP: 7/53 MP: 3/6
  3805 | D:4      | Found a staircase to the Ecumenical Temple.
  4228 | D:5      | Entered Level 5 of the Dungeon
  4303 | D:5      | Your scales start taking on a fiery red colour.
  4303 | D:5      | Reached XP level 7. HP: 59/60 MP: 7/7
  4303 | D:5      | Gained mutation: Your flesh is heat resistant. (rF+) [Red
                  | Draconian growth]
  4469 | D:5      | Reached skill level 7 in Long Blades
  4483 | D:5      | Killed from afar by an orc priest

Vault maps used:
D:1:      beargit_arrival_greenhouse, serial_glass, glass_columns_b,
          glass_columns_a, glass_columns_c, glass_columns_c,
          due_unseen_surprise, hangedman_decor_clover_reticule,
          ebering_dispersal_statue_hall, minmay_misc_feat_roman
D:3:      nicolae_overflow_crystal_walls, first_ration,
          nemelex_spade_bored_becter
D:4:      cheibriados_altar_1, okawaru_gym_becter,
          minmay_temple_entry_butterflies, serial_co_window_serial,
          co_window_cross_1, co_window_paths_b, co_window_of_opportunity_a,
          co_window_corner_a, co_window_paths_a, co_window_paths_c,
          co_window_broadway_a, co_window_corner_b, co_window_broadway_a,
          co_window_broadway_a, glass_columns_a, glass_columns_b,
          glass_columns_a, glass_columns_b, minivault_24
D:5:      minmay_ruined_shrine, uniq_prince_ribbit1, uniq_pikel, uniq_edmund

Skill      XL: |  1  2  3  4  5  6  7 |
---------------+----------------------+-----
Long Blades    | 4 5 6 7 |  7.2
Fighting       | 4 |  4.7
Dodging        | 3 4 |  4.1
Throwing       | |  0.5
Stealth        | |  1.7

Action                   |  1- 3 |  4- 6 |  7- 9 || total
-------------------------+-------+-------+-------++-------
Melee: Falchion          |   118 |   185 |    44 ||   347
       Tailslap          |    21 |    33 |     6 ||    60
Throw: Stone             |     1 |    14 |    10 ||    25
       Tomahawk          |       |    26 |     8 ||    34
Invok: Heroism           |       |     1 |       ||     1
  Use: Potion            |     1 |       |       ||     1
       Scroll            |       |       |     4 ||     4
 Stab: Sleeping          |     6 |     4 |       ||    10
       Distracted        |     1 |       |       ||     1
  Eat: Chunk             |     2 |    24 |     2 ||    28
Armor: Skin              |    38 |    44 |    19 ||   101
Dodge: Dodged            |    85 |   108 |    42 ||   235
       Rpst.: Falchion   |    34 |    36 |     7 ||    77

Table legend:
 A = Non-vault XP
 B = Vault XP
 C = Vault XP percentage of total XP
 D = Non-vault monster count
 E = Vault monster count
 F = Vault count percentage of total count
                 A         B        C        D         E       F
            +---------+---------+-------+---------+---------+-------
      Total |     896 |      87 |   8.9 |      88 |       4 |   4.3
            +---------+---------+-------+---------+---------+-------
        D:1 |      14 |       0 |   0.0 |      10 |       0 |   0.0
        D:2 |     100 |       0 |   0.0 |      29 |       0 |   0.0
        D:3 |      36 |       0 |   0.0 |      19 |       0 |   0.0
        D:4 |     523 |       0 |   0.0 |      22 |       0 |   0.0
        D:5 |     223 |      87 |  28.1 |       8 |       4 |  33.3
            +---------+---------+-------+---------+---------+-------
